 Dungeon Crawl Stone Soup version 0.16.1-30-g34a7ffa (webtiles) character file.

179535 sederynick the Executioner (level 17, -9/166 HPs)
             Began as a Minotaur Berserker on June 21, 2015.
             Was a High Priest of Trog.
             Mangled by Agnes
             ... wielding a +0 lajatang
              (15 damage)
             ... on level 1 of the Spider Nest.
             The game lasted 02:23:04 (31944 turns).

sederynick the Executioner (Minotaur Berserker)    Turns: 31944, Time: 02:23:04

Health: -9/166     AC: 31    Str: 29 (30) XL:     17   Next: 61%
Magic:  16/22      EV: 15    Int:  4      God:    Trog [*****.]
Gold:   2879       SH:  0    Dex: 18      Spells: 0 memorised, 16 levels left

rFire  . . .     SeeInvis .     a - +9 executioner's axe (flame)
rCold  + . .     Clarity  +     F - +2 plate armour {rPois}
rNeg   . . .     SustAb   .     (no shield)
rPois  +         Gourm    .     k - +0 hat "Japhoer" {Dex+5}
rElec  .         Spirit   .     Q - +2 cloak {+Inv}
rCorr  .         Warding  .     d - +2 pair of gloves
rMut   .         Stasis   .     G - +2 pair of boots
MR     ++...                    C - amulet of clarity
Stlth  ..........               e - ring of the Priest {rC+ Str+4}
                                I - ring of protection from magic

@: exhausted, studying Armour, very resistant to hostile enchantments, extremely
unstealthy
A: retaliatory headbutt, horns 2, robust 1
a: Burn Spellbooks, Berserk, Trog's Hand, Brothers in Arms, Renounce Religion,
Evoke Invisibility


You were on level 1 of the Spider Nest.
You worshipped Trog.
Trog was extremely pleased with you.
You were near starving.

You visited 4 branches of the dungeon, and saw 29 of its levels.
You also visited: Ice Cave.

You collected 2879 gold pieces.

Inventory:

Hand weapons
 a - a +9 executioner's axe of flaming (weapon)
 b - a +3 antimagic executioner's axe
 W - a +0 great mace
Missiles
 h - 4 javelins of returning (quivered)
Armour
 d - a +2 pair of gloves (worn)
 k - the +0 hat "Japhoer" (worn) {Dex+5}
   (You acquired it on level 8 of the Lair of Beasts)

   It affects your dexterity (+5).
 F - a +2 plate armour of poison resistance (worn)
 G - a +2 pair of boots (worn)
 Q - a +2 cloak of invisibility (worn)
Jewellery
 e - the ring of the Priest (right hand) {rC+ Str+4}
   (You found it on level 4 of the Dungeon)

   [ring of protection from cold]

   It affects your strength (+4).
   It protects you from cold.
 y - a cursed ring of fire
 C - an amulet of clarity (around neck)
 I - a ring of protection from magic (left hand)
 R - an uncursed ring of ice
 Y - an uncursed ring of see invisible
Magical devices
 m - a wand of polymorph (8)
 n - a wand of paralysis (17)
 p - a wand of paralysis (9)
 J - a wand of heal wounds (8)
 M - a wand of hasting (4)
 P - a wand of heal wounds (5)
 X - a wand of fire (10)
Scrolls
 f - 6 scrolls of recharging
 g - a scroll of enchant armour
 i - 3 scrolls of fear
 j - 9 scrolls of teleportation
 o - a scroll of identify
 v - a scroll of silence
 z - 4 scrolls of fog
 D - 13 scrolls of remove curse
 N - 7 scrolls of magic mapping
 T - 2 scrolls of blinking
Potions
 l - 7 potions of brilliance
 q - a potion of flight
 r - 4 potions of haste
 s - 3 potions of might
 t - 4 potions of agility
 w - 11 potions of curing
 x - 2 potions of cancellation
 A - 3 potions of restore abilities
 B - a potion of invisibility
 E - 2 potions of heal wounds
 H - a potion of ambrosia {unknown}
 O - 3 potions of magic
 S - a potion of cure mutation
Books
 U - a manual of
Armour
 V - a book of Minor Magic

   Spells                             Type                      Level
   a - Magic Dart                     Conjuration                  1
   b - Blink                          Translocation                2
   c - Call Imp                       Summoning                    2
   d - Repel Missiles                 Charms/Air                   2
   e - Slow                           Hexes                        2
   f - Conjure Flame                  Conjuration/Fire             3
   g - Mephitic Cloud                 Conjuration/Poison/Air       3
   Trog disapproves of the use of such an item.
Comestibles
 c - 16 bread rations
 u - 21 fruits
 K - 8 slices of pizza
 L - 15 meat rations


   Skills:
 - Level 13.6 Fighting
 - Level 26.0 Axes
 + Level 17.6 Armour
 - Level 10.3 Dodging
 + Level 6.8 Evocations


You had 16 spell levels left.
You didn't know any spells.

Dungeon Overview and Level Annotations

Branches:
Dungeon (15/15)            Temple (0/1) D:4            Lair (8/8) D:11
 Shoals (4/5) Lair:3       Spider (2/5) Lair:5        Slime (0/6) Lair:6
    Orc (0/4) D:9          Vaults (0/5) D:14         Depths (0/5) D:15

Altars:
Ashenzari
Cheibriados
Dithmenos
Fedhas
Gozag
Nemelex Xobeh
Okawaru
Qazlal
Ru
Sif Muna
Trog
Vehumet
Zin
The Shining One

Shops:
D:6 *   D:8 =

Annotations:
Lair:5 exclusion: oklob plant
Spider:1 exclusion: Roxanne, Agnes, Roxanne


Innate Abilities, Weirdness & Mutations

You reflexively headbutt those who attack you in melee.
You have a pair of horns on your head.
You are robust (+10% HP).


Message History

Agnes hits you but does no damage. The demonic crawler hits you.
* * * LOW HITPOINT WARNING * * *
The demonic crawler misses you.
The demonic crawler hits you but does no damage.
The wolf spider hits you but does no damage.
The wolf spider bites you but does no damage.
Agnes closely misses you.
Evoke which item? (* to show all) (? for menu, Esc to quit)
Zapping:
m - a wand of polymorph (will waste charges)
Press: ? - help, Shift-Dir - straight line, f - Agnes
Aim: Agnes, wielding a lajatang, wearing a robe and carrying a wand of digging {zapped: 1} (chance 5%) Agnes resists with almost no effort.
Evoking this partially-identified wand wasted a few charges.
The demonic crawler hits you but does no damage.
The demonic crawler closely misses you. The demonic crawler hits you!
* * * LOW HITPOINT WARNING * * *
The wolf spider hits you but does no damage.
The wolf spider bites you but does no damage.
Agnes hits you with a lajatang!
You die...

.........#### ##...#............
.........## ##.................
..........#####.......#.........#
............##......###.......###
...........###...#### ##....#####
...........#...#.# #.###.##..
............####.######### #.....
#..........## #is.#...######.###
##........## #@s#...#..#.###.##
####....##### ######.##...## ##)#
.######## #.###.# #.###...## #..
..# ###...#.###.#......#####.
..#######.#.....##.#.............
..##..#...##.......##......######
..##...............#......##
.####....###...............## .#
#...........)......#....#


You could see Agnes, a demonic crawler and a wolf spider.

Vanquished Creatures
  Nikola (Shoals:2)
  Polyphemus (Shoals:3)
  3 krakens
  2 tengu reavers (D:15)
  Frances (Spider:2)
  2 frost giants (D:15)
  A ghost moth (Spider:2)
  Gastronok (D:10)
  A spectral weapon (Shoals:1)
  The ghost of sederynick the Executioner, a powerful MiBe of Trog (Lair:8)
  Azrael (Spider:2)
  The ghost of sederynick the Bludgeoner, a powerful GrFi of Okawaru (D:14)
  An ettin (D:15)
  Snorg (Lair:6)
  A merfolk javelineer (Shoals:4)
  8 vault guards (D:14)
  2 fire dragons (D:15)
  Josephine (D:15)
  3 merfolk impalers
  2 yaktaur captains (D:15)
  A rakshasa (D:15)
  Fannar (Lair:1)
  2 ice dragons (IceCv)
  11 hydras
  2 merfolk avatars (Shoals:4)
  Erica (Lair:4)
  7 centaur warriors
  4 catoblepae
  2 alligator snapping turtles (Shoals:4)
  2 tengu warriors
  A satyr (Shoals:4)
  15 death yaks
  5 skeletal warriors (D:15)
  A flayed ghost (D:15)
  A fire crab (D:15)
  An unseen horror (D:11)
  8 sea snakes
  13 hill giants
  The ghost of weregild the Impaler, an experienced MfGl of Okawaru (D:8)
  2 ice statues (IceCv)
  2 wolf spider zombies
  4 wolf spiders
  2 ugly things
  10 griffons
  6 water nymphs
  6 fauns
  6 harpies
  4 cyclopes
  8 manticores
  4 orb spiders
  4 black mambas
  29 elephants
  A hornet (Spider:2)
  6 sirens
  A drowned soul (Shoals:4)
  2 torpor snails
  A gargoyle (D:10)
  An orange crystal statue (D:14)
  An eye of devastation (Lair:6)
  Psyche (D:13)
  13 komodo dragons
  17 spiny frogs
  The ghost of sscrono2 the Covert, an experienced OpAs of Kikubaaqudgha (D:5)
  2 kobold demonologists
  19 merfolk
  7 jumping spiders
  A queen bee (shapeshifter) (D:15)
  2 trolls
  A fire drake (Lair:5)
  A harpy zombie (D:15)
  3 tengu conjurers
  A spriggan druid (Lair:8)
  2 freezing wraiths (D:15)
  A wind drake (shapeshifter) (D:15)
  3 two-headed ogres
  7 ravens
  23 blink frogs
  2 boulder beetles
  3 basilisks
  A trapdoor spider zombie (D:10)
  6 snapping turtles
  7 redbacks
  6 shadows
  A spriggan (shapeshifter) (D:13)
  2 tarantellas
  6 wraiths (D:15)
  6 trapdoor spiders
  3 deep elf magi
  4 wyverns
  4 water elementals
  A human (shapeshifter) (D:15)
  A steam dragon (D:12)
  A hippogriff (shapeshifter) (D:15)
  8 vampire mosquitoes
  52 yaks
  10 hippogriffs
  4 fire elementals (Spider:2)
  6 wolves
  3 hungry ghosts
  18 porcupines
  Menkaure (D:7)
  A harpy simulacrum (D:15)
  3 hell hounds (Spider:2)
  5 orc warriors
  22 ice beasts
  21 water moccasins
  6 phantoms
  5 spiders (Spider:2)
  5 sky beasts
  5 boggarts (D:14)
  A spider (shapeshifter) (D:14)
  3 eyes of draining
  A swamp drake (D:11)
  4 ogres
  A black bear (D:10)
  2 boring beetles
  2 wasps
  10 centaurs
  9 big kobolds
  3 brain worms
  12 crocodiles
  2 gnoll sergeants
  30 giant frogs
  A wyvern skeleton (D:14)
  10 scorpions
  A water moccasin skeleton (D:7)
  A troll zombie (D:10)
  The ghost of tyrion the Bolt Thrower, a weakling DsHu (D:3)
  6 wights
  5 crimson imps
  6 centaur zombies
  An electric eel (Lair:5)
  13 hounds
  8 centaur skeletons
  3 giant frog zombies
  An iron imp (D:15)
  Crazy Yiuf (D:7)
  A giant frog skeleton (D:8)
  7 orc priests
  5 quasits
  5 jellies
  15 orc wizards
  6 hell rats
  18 worker ants
  11 iguanas
  15 sheep
  7 ogre zombies (D:10)
  A hound skeleton (D:11)
  4 mummies
  19 adders
  8 gnolls
  59 river rats
  A worker ant zombie (D:11)
  2 giant mites
  13 white imps
  6 shadow imps
  A worm (D:4)
  An adder zombie (D:8)
  An adder skeleton (D:6)
  2 oozes
  45 orcs
  2 ball pythons
  13 bats
  A bat zombie (D:8)
  6 giant cockroaches
  17 hobgoblins
  6 jackals
  15 quokkas
  4 giant geckos
  A giant gecko skeleton (D:5)
  A giant gecko zombie (D:5)
  3 giant newts
  12 goblins
  A goblin zombie (D:10)
  A hobgoblin skeleton (D:10)
  4 hobgoblin zombies (D:10)
  59 kobolds
  3 orc skeletons (D:10)
  16 orc zombies (D:10)
  32 rats
  2 ballistomycetes (D:7)
  9 fungi
  8 plants
  12 tentacles
  A tentacle segment (Shoals:3)
1168 creatures vanquished.

Vanquished Creatures (collateral kills)
  Sonja (D:11)
  A blink frog (Lair:8)
2 creatures vanquished.

Vanquished Creatures (others)
  Asterion (Shoals:1)
  A fire giant (D:15)
  8 drowned souls (Shoals:4)
  A redback simulacrum (D:15)
  2 giant spores
  2 fungi
  6 plants
  13 tentacles
  347 tentacle segments
381 creatures vanquished.

Grand Total: 1551 creatures vanquished

Notes
Turn   | Place    | Note
--------------------------------------------------------------
     0 | D:1      | sederynick, the Minotaur Berserker, began the quest for the Orb.
     0 | D:1      | Reached XP level 1. HP: 19/19 MP: 1/1
    76 | D:1      | Reached skill level 4 in Axes
   130 | D:1      | Reached XP level 2. HP: 20/26 MP: 1/1
   426 | D:1      | Acquired Trog's second power
   638 | D:1      | Reached skill level 5 in Axes
   957 | D:2      | Reached XP level 3. HP: 31/31 MP: 2/2
  1546 | D:3      | Noticed tyrion's ghost (weakling DsHu)
  1564 | D:3      | Killed tyrion's ghost
  1564 | D:3      | Reached skill level 6 in Axes
  1564 | D:3      | Reached XP level 4. HP: 39/39 MP: 2/2
  1722 | D:3      | Found a sparkling altar of Nemelex Xobeh.
  1791 | D:3      | Found a snail-covered altar of Cheibriados.
  1817 | D:3      | Reached skill level 7 in Axes
  1817 | D:3      | Reached XP level 5. HP: 21/45 MP: 2/2
  2679 | D:4      | Found a staircase to the Ecumenical Temple.
  2687 | D:4      | Got a shimmering jade ring
  2746 | D:4      | Reached skill level 8 in Axes
  2818 | D:4      | Reached XP level 6. HP: 39/51 MP: 3/3
  3015 | D:4      | Acquired Trog's third power
  3045 | D:4      | Reached skill level 9 in Axes
  3438 | D:4      | Reached XP level 7. HP: 15/57 MP: 3/3
  3634 | D:5      | Entered Level 5 of the Dungeon
  3658 | D:5      | Reached skill level 10 in Axes
  3873 | D:5      | Identified the ring of the Priest {rC+ Str+4} (You found it on level 4 of the Dungeon)
  3960 | D:5      | Noticed sscrono2's ghost (experienced OpAs)
  3974 | D:5      | Killed sscrono2's ghost
  3974 | D:5      | Reached skill level 11 in Axes
  3974 | D:5      | Reached XP level 8. HP: 64/64 MP: 3/3
  4077 | D:5      | Found a radiant altar of Vehumet.
  4161 | D:5      | Reached skill level 12 in Axes
  4721 | D:5      | You fall through a shaft for 3 floors!
  4721 | D:8      | Noticed weregild's ghost (experienced MfGl)
  4737 | D:8      | Killed weregild's ghost
  4737 | D:8      | Reached skill level 13 in Axes
  4786 | D:8      | Reached XP level 9. HP: 64/70 MP: 4/4
  4949 | D:8      | Reached skill level 14 in Axes
  5014 | D:8      | Received a gift from Trog
  5159 | D:7      | Reached skill level 5 in Fighting
  5374 | D:7      | Noticed Menkaure
  5385 | D:7      | Killed Menkaure
  5733 | D:7      | Found a shattered altar of Ashenzari.
  5757 | D:7      | Noticed Crazy Yiuf
  5760 | D:7      | Killed Crazy Yiuf
  5933 | D:8      | Found a stormy altar of Qazlal.
  6011 | D:8      | Noticed a two-headed ogre
  6016 | D:8      | Killed a two-headed ogre
  6056 | D:8      | Found Voptiga Skil's Jewellery Emporium.
  6168 | D:8      | Found a deep blue altar of Sif Muna.
  6808 | D:6      | Found a bloodstained altar of Trog.
  6809 | D:6      | Found a shadowy altar of Dithmenos.
  6810 | D:6      | Found a sacrificial altar of Ru.
  6810 | D:6      | Found an iron altar of Okawaru.
  6811 | D:6      | Found a glowing silver altar of Zin.
  6811 | D:6      | Found a blossoming altar of Fedhas.
  6812 | D:6      | Found an opulent altar of Gozag.
  6815 | D:6      | Reached XP level 10. HP: 60/90 MP: 4/4
  6982 | D:6      | Found Prim Ibuimm's Assorted Antiques.
  7163 | D:6      | Received a gift from Trog
  7817 | D:9      | Noticed a komodo dragon
  7827 | D:9      | Killed a komodo dragon
  7827 | D:9      | Reached skill level 5 in Armour
  8156 | D:9      | Found a staircase to the Lair.
  8287 | D:9      | Found a staircase to the Orcish Mines.
  8768 | D:9      | Noticed a two-headed hydra
  8779 | D:9      | Killed a nine-headed hydra
  8779 | D:9      | Reached skill level 10 in Armour
  9140 | D:10     | Entered Level 10 of the Dungeon
  9315 | D:10     | Noticed Gastronok
  9614 | D:10     | Killed Gastronok
  9614 | D:10     | Reached XP level 11. HP: 77/95 MP: 4/4
  9647 | D:10     | Found a staircase to the Orcish Mines.
  9663 | D:10     | Received a gift from Trog
  9771 | D:10     | Identified a scroll of acquirement
 10217 | D:11     | Reached skill level 5 in Dodging
 10299 | D:11     | Noticed Sonja
 10315 | D:11     | Killed Sonja
 10671 | D:11     | Noticed a hill giant
 10683 | D:11     | Killed a hill giant
 10903 | D:11     | Killed an unseen horror
 11156 | D:11     | Found a staircase to the Lair.
 11252 | Lair:1   | Entered Level 1 of the Lair of Beasts
 11311 | Lair:1   | Found a glowing golden altar of the Shining One.
 11331 | Lair:1   | Received a gift from Trog
 11527 | Lair:1   | Noticed Fannar
 11546 | Lair:1   | Killed Fannar
 11546 | Lair:1   | Reached skill level 10 in Dodging
 11546 | Lair:1   | Reached XP level 12. HP: 99/103 MP: 1/5
 11598 | Lair:1   | Reached skill level 15 in Axes
 12258 | Lair:2   | Reached skill level 16 in Axes
 12710 | Lair:3   | Reached skill level 17 in Axes
 12962 | Lair:3   | Received a gift from Trog
 13274 | Lair:3   | Noticed a seven-headed hydra
 13282 | Lair:3   | Killed a seven-headed hydra
 13364 | Lair:3   | Found a staircase to the Shoals.
 13476 | Lair:3   | Reached skill level 18 in Axes
 13650 | Lair:4   | Noticed an eight-headed hydra
 13660 | Lair:4   | Killed an eight-headed hydra
 13690 | Lair:4   | Noticed Erica
 13696 | Lair:4   | Killed Erica
 13696 | Lair:4   | Reached XP level 13. HP: 108/108 MP: 5/5
 13845 | Lair:4   | Found a frozen archway.
 13871 | IceCv    | Entered an ice cave
 13922 | IceCv    | Reached skill level 19 in Axes
 15018 | Lair:4   | Received a gift from Trog
 15367 | Lair:5   | Reached skill level 20 in Axes
 15721 | Lair:5   | Found a hole to the Spider Nest.
 16258 | Lair:5   | Received a gift from Trog
 16594 | Lair:6   | Noticed Snorg
 16609 | Lair:6   | Killed Snorg
 17173 | Lair:6   | Found a staircase to the Slime Pits.
 17275 | Lair:6   | Received a gift from Trog
 17407 | Lair:6   | Reached XP level 14. HP: 102/116 MP: 2/5
 17746 | Lair:6   | Reached skill level 10 in Fighting
 17999 | Lair:6   | Received a gift from Trog
 18000 | Lair:6   | Got a bone broad axe {god gift}
 18001 | Lair:6   | Identified the +11 broad axe "Celasot" {chop, Dex+4} (Trog gifted it to you on level 6 of the Lair of Beasts)
 18577 | Lair:7   | Received a gift from Trog
 18864 | Lair:8   | Entered Level 8 of the Lair of Beasts
 18878 | Lair:8   | Noticed sederynick's ghost (powerful MiBe)
 19169 | Lair:8   | Killed sederynick's ghost
 19261 | Lair:8   | Got a scorched ruby amulet
 19387 | Lair:8   | Received a gift from Trog
 19633 | Lair:8   | Identified the amulet "Vettes Hubu" {Clar MP+9} (You found it on level 8 of the Lair of Beasts)
 19795 | Lair:8   | Got a pitted hat
 19806 | Lair:8   | Identified the +0 hat "Japhoer" {Dex+5} (You acquired it on level 8 of the Lair of Beasts)
 19867 | Lair:8   | Lost intelligence.
 20549 | Lair:8   | Reached skill level 21 in Axes
 20605 | Lair:8   | Reached XP level 15. HP: 116/137 MP: 6/6
 21146 | D:12     | Received a gift from Trog
 21858 | D:13     | Noticed Psyche
 21865 | D:13     | Killed Psyche
 21948 | D:13     | Received a gift from Trog
 22597 | D:13     | Reached skill level 22 in Axes
 22874 | D:14     | Found a runed door.
 22923 | D:14     | Found a blossoming altar of Fedhas.
 22973 | D:14     | Found a runed door.
 23020 | D:14     | Found a runed door.
 23149 | D:14     | Found an opulent altar of Gozag.
 23183 | D:14     | Found a runed door.
 23234 | D:14     | Received a gift from Trog
 23256 | D:14     | Found a gate to the Vaults.
 23530 | D:14     | Noticed sederynick's ghost (powerful GrFi)
 23543 | D:14     | Killed sederynick's ghost
 23543 | D:14     | Reached skill level 23 in Axes
 23885 | D:15     | Entered Level 15 of the Dungeon
 24113 | D:15     | Found a bloodstained altar of Trog.
 24113 | D:15     | Found a deep blue altar of Sif Muna.
 24113 | D:15     | Found an iron altar of Okawaru.
 24247 | D:15     | Found a staircase to the Depths.
 24361 | D:15     | Noticed Josephine
 24368 | D:15     | Killed Josephine
 24619 | D:15     | Noticed a tengu reaver
 24625 | D:15     | Killed a tengu reaver
 24625 | D:15     | Reached XP level 16. HP: 114/145 MP: 6/6
 24677 | D:15     | Reached skill level 24 in Axes
 24972 | D:15     | Gained mutation: You are robust (+10% HP). [potion of beneficial mutation]
 25190 | D:15     | Noticed a tengu reaver
 25197 | D:15     | Killed a tengu reaver
 25748 | D:15     | Reached skill level 25 in Axes
 26326 | Shoals:1 | Entered Level 1 of the Shoals
 26450 | Shoals:1 | Noticed Asterion
 26471 | Shoals:1 | Killed Asterion
 27099 | Shoals:2 | Received a gift from Trog
 27195 | Shoals:2 | Noticed Nikola
 27205 | Shoals:2 | Killed Nikola
 27705 | Shoals:2 | Received a gift from Trog
 28067 | Shoals:3 | Reached skill level 26 in Axes
 28109 | Shoals:3 | Noticed Polyphemus
 28123 | Shoals:3 | Reached skill level 1 in Evocations
 28127 | Shoals:3 | Reached XP level 17. HP: 166/166 MP: 7/9
 28134 | Shoals:3 | Killed Polyphemus
 28176 | Shoals:3 | Received a gift from Trog
 28342 | Shoals:3 | Reached skill level 15 in Armour
 29658 | Shoals:4 | Reached skill level 5 in Evocations
 30564 | Spider:1 | Entered Level 1 of the Spider Nest
 30853 | Spider:1 | Noticed Roxanne
 31898 | Spider:2 | Noticed Azrael
 31908 | Spider:2 | Noticed Frances
 31909 | Spider:2 | Killed Azrael
 31918 | Spider:2 | Noticed Agnes
 31919 | Spider:2 | Killed Frances
 31938 | Spider:2 | HP: 8/166 [Agnes/lajatang (26)]
 31939 | Spider:1 | HP: 3/166 [poisoned by a wolf spider]
 31944 | Spider:1 | HP: 6/166 [demonic crawler (7)]
 31944 | Spider:1 | Mangled by Agnes

Action                   |  1- 3 |  4- 6 |  7- 9 | 10-12 | 13-15 | 16-18 || total
-------------------------+-------+-------+-------+-------+-------+-------++-------
Melee: Hand axe          |    91 |   184 |   163 |       |       |       ||   438
       Battleaxe         |       |       |    85 |   620 |   300 |       ||  1005
       Great mace        |       |       |       |     8 |    43 |       ||    51
       Unarmed           |       |       |       |     8 |     4 |       ||    12
       Executioner's axe |       |       |       |       |   605 |   571 ||  1176
Throw: Javelin           |       |       |       |       |       |     4 ||     4
Invok: Berserk           |     1 |     1 |     4 |     6 |     7 |    10 ||    29
       Trog's Hand       |       |       |       |     2 |     4 |     2 ||     8
       Burn Spellbooks   |       |       |       |     2 |       |     2 ||     4
       Brothers in Arms  |       |       |       |     1 |     1 |       ||     2
 Abil: Evoke Flight      |       |       |       |       |     1 |       ||     1
Evoke: Wand              |       |       |       |       |       |     2 ||     2
  Use: Scroll            |       |    10 |     3 |    16 |    20 |     8 ||    57
       Potion            |       |       |       |     1 |     1 |     4 ||     6
  Eat: Chunk             |     1 |     6 |     8 |    23 |    21 |    26 ||    85
       Beef jerky        |       |     1 |       |     1 |     7 |     2 ||    11
       Fruit             |       |       |     2 |     2 |     2 |     2 ||     8
       Meat ration       |       |       |     1 |       |       |       ||     1
       Royal jelly       |       |       |     1 |     1 |     1 |       ||     3
       Bread ration      |       |       |       |       |     1 |       ||     1
       Pizza             |       |       |       |       |     3 |     1 ||     4
